Dins, lawful female dwarven Valkyrie ----- |...| -------------- ##%..*-# |...>........| -------------- # |...|# +............|############ |.............. Ch###########--+--# -.---.--------# -----|--- |...... # # ############## #........| | ## ### # ###|.......| ## # # |.......| `############ ### --------- # --|-- # ### |...| --.-.-### |)..| |....|# |.%.| |....|# |...| |....|# |...| |....|# |..%| |....|# ----- |<...-# ------ Dins the Fighter Experience level: 9 Strength: 21 Dexterity: 14 Constitution: 18 Intelligence: 8 Wisdom: 9 Charisma: 7 Health: 0(77) Energy: 1(1) Def: 10 Gold: 290 Moves: 11386 Dungeon seed: tQfqKq1Qd-Wgp0MD Game ID: Dins_1559646315 Your Inventory: Coins $ - 290 gold pieces Amulets r - an uncursed amulet of life saving Weapons a - a blessed +1 long sword (weapon in hand) p - an uncursed +0 dwarvish mattock (alternate weapon; not wielded) Armor e - an uncursed +3 small shield q - an uncursed +0 elven mithril-coat (being worn) D - an uncursed +1 pair of iron shoes (being worn) N - an uncursed +0 dwarvish cloak (being worn) Y - a blessed +1 orcish helm (being worn) Comestibles A - an uncursed tripe ration F - 6 uncursed food rations P - an uncursed male lizard corpse Scrolls m - an uncursed scroll of gold detection v - an uncursed scroll of identify x - a blessed scroll of identify Spellbooks B - an uncursed spellbook of remove curse Potions i - an uncursed potion of extra healing j - an uncursed potion of booze l - an uncursed potion of blindness o - an uncursed potion of invisibility Rings H - an uncursed ring of poison immunity (on left hand) Wands g - an uncursed wand of sleep (0:4) w - an uncursed wand of slow monster (0:4) G - a blessed wand of sleep (0:8) R - an uncursed wand of opening (0:7) V - an uncursed wand of digging (0:6) W - an uncursed wand of striking (0:8) Tools b - an uncursed bag of holding d - an uncursed oil lamp (0:0) k - an uncursed skeleton key u - an uncursed +0 unicorn horn C - an uncursed blindfold Gems n - an uncursed agate stone t - an uncursed worthless piece of green glass y - an uncursed flint stone z - an uncursed worthless piece of black glass J - an uncursed luckstone Contents of the bag of holding: 9359 gold pieces 6 uncursed +0 arrows a blessed +0 dagger 17 uncursed +0 darts an uncursed banana an uncursed carrot an uncursed lichen corpse an uncursed melon a blessed scroll of blank paper 3 uncursed scrolls of blank paper an uncursed scroll of destroy armor a blessed scroll of earth an uncursed scroll of earth an uncursed scroll of light an uncursed scroll of remove curse an uncursed scroll of summoning an uncursed scroll of teleportation an uncursed spellbook of cancellation an uncursed spellbook of knock an uncursed spellbook of sleep a blessed potion of booze an uncursed potion of booze a blessed potion of gain energy an uncursed potion of gain level a blessed potion of healing an uncursed potion of healing an uncursed potion of invisibility an uncursed potion of paralysis an uncursed potion of restore ability an uncursed potion of restore ability 2 uncursed potions of water an uncursed ring of cold immunity an uncursed +5 ring of increase accuracy an uncursed ring of levitation an uncursed +1 ring of searching an uncursed ring of slow digestion an uncursed ring of stealth an uncursed magic marker (0:38) an uncursed mirror an uncursed tin whistle an uncursed emerald 2 uncursed flint stones an uncursed fluorite stone 2 uncursed garnet stones an uncursed worthless piece of black glass 2 uncursed worthless pieces of blue glass an uncursed worthless piece of green glass 2 uncursed worthless pieces of orange glass 3 uncursed worthless pieces of violet glass an uncursed worthless piece of white glass 3 uncursed worthless pieces of yellow glass an uncursed worthless piece of yellowish brown glass Spells and supernatural/magical abilities: Name Level Category Cost Memory W - pray for help -- divine ? -- Your skills at the end: Fighting Skills wands [Basic] Weapon Skills dagger [Basic] long sword [Expert] Spellcasting Skills Final Attributes: You were piously aligned. You were immune to cold. You were immune to poison. You were telepathic. You had infravision. You were stealthy. You were fast. You were lucky. You had extra luck. Bad luck did not time out for you. Good luck did not time out for you. You last prayed 233 turns ago. Tyr was noncommittal. You are dead. Vanquished creatures: 3 giant mimics a large mimic a long worm a stalker a water elemental a warg 3 small mimics a quantum mechanic 2 trolls an ochre jelly a carnivorous ape 2 chameleons a giant beetle a quivering blob a cockatrice a gremlin 23 leprechauns an orc-captain a giant spider 2 scorpions an ice vortex a dwarf mummy an owlbear a yeti a gold golem a lizard 3 dogs a dingo a jaguar a blue jelly a black unicorn a dust vortex a plains centaur 3 gnome mummies 3 human zombies 8 bugbears 2 imps a quasit 9 Mordor orcs 7 Uruk-hai 4 orc shamans a rock piercer 3 rock moles a pony a fog cloud 4 yellow lights a shrieker a violet fungus 3 gnome lords a gnomish wizard a kobold mummy a black naga hatchling 2 golden naga hatchlings 2 guardian naga hatchlings 3 gray oozes a barrow wight a straw golem a paper golem 3 little dogs 4 floating eyes 2 dwarves 2 homunculi 8 hill orcs 9 rothes 4 rabid rats 2 centipedes 2 giant bats 3 monkeys an orc zombie 5 dwarf zombies a wererat 3 iguanas 3 acid blobs 8 coyotes 2 gas spores a hobbit 12 manes 5 large kobolds 6 hobgoblins 13 giant rats a brown mold a yellow mold a green mold 4 gnomes 5 garter snakes 10 geckos 11 jackals 2 foxes 3 kobolds 10 goblins 4 sewer rats 7 grid bugs 5 bats 6 lichens 11 newts 309 creatures vanquished. Voluntary challenges: You had been an atheist until turn 4274. You used a wielded weapon 425 times, starting on turn 313. You read items or engraved 2 times, starting on turn 2183. You never genocided any monsters. You never polymorphed an object. You never changed form. You used no wishes. You never split a pudding. You never wrote Elbereth's name. You never violated your personal moral code. Dungeon overview: The Dungeons of Doom: levels 1 to 12 Level 1 a vault a long staircase Level 2 Level 3 a weapon shop, some fountains, a sink Level 4 a scroll shop, a fountain stairs to The Gnomish Mines Level 5 some fountains Level 6 many fountains Level 7 a throne stairs to Sokoban Level 8 Level 9 a general store, a sink, a vault Level 10 Level 11 Level 12 <- You were here The Gnomish Mines: levels 5 to 13 Level 5 stairs to The Dungeons of Doom Level 6 Level 7 many shops, a temple to Odin, some fountains, some trees Level 8 Level 9 Level 10 Level 11 Level 12 Level 13 some altars to Moloch, some fountains Sokoban: levels 3 to 6 Level 3 Solved Level 4 Solved Level 5 Solved Level 6 Solved stairs to The Dungeons of Doom History has recorded: On T:1 you entered the Dungeons of Doom to retrieve the Amulet of Yendor! On T:98 you reached level 2 of The Dungeons of Doom. On T:395 you reached level 3 of The Dungeons of Doom. On T:604 you advanced to experience level 2. On T:707 you reached level 4 of The Dungeons of Doom. On T:761 you advanced to experience level 3. On T:785 you advanced to experience level 4. On T:904 you reached level 5 of The Dungeons of Doom. On T:1373 you reached level 1 of The Gnomish Mines. On T:1579 you reached level 6 of The Dungeons of Doom. On T:1859 you advanced to experience level 5. On T:2048 you reached level 7 of The Dungeons of Doom. On T:2128 you advanced to experience level 6. On T:2455 you reached level 4 of Sokoban. On T:2862 you reached level 3 of Sokoban. On T:3553 you advanced to experience level 7. On T:3865 you reached level 2 of Sokoban. On T:4246 you reached level 1 of Sokoban. On T:5807 you reached level 2 of The Gnomish Mines. On T:6141 you reached level 3 of The Gnomish Mines. On T:6160 you advanced to experience level 8. On T:6432 you reached level 4 of The Gnomish Mines. On T:6714 you reached level 5 of The Gnomish Mines. On T:6730 you reached level 6 of The Gnomish Mines. On T:7004 you reached level 7 of The Gnomish Mines. On T:7225 you reached level 8 of The Gnomish Mines. On T:7698 you reached level 9 of The Gnomish Mines. On T:8474 you advanced to experience level 9. On T:9291 you reached level 8 of The Dungeons of Doom. On T:9538 you reached level 9 of The Dungeons of Doom. On T:10316 you reached level 10 of The Dungeons of Doom. On T:10605 you reached level 11 of The Dungeons of Doom. On T:11205 you reached level 12 of The Dungeons of Doom. Score breakdown: Gold: 9649 (13553 points) Experience: 9 levels (15756 points) Exploration: 13 levels ( 28.26%) (15491 points) Discoveries: 14 items ( 5.60%) ( 7099 points) Valuables value: (no points given unless you survive) Artifact value: 0 ( 0 points) Variety of kills: 95 monsters ( 25.00%) (15000 points) Turncount: 11386 turns (-2570 points) Survival: died (score multiplied by 80%) Total score: 51463 Latest messages: You stop searching. [7 turns] You stop running. The mountain centaur hits! The mountain centaur kicks! The mountain centaur misses. The mountain centaur just misses! The mountain centaur kicks! (2x) You hit the mountain centaur! The mountain centaur hits! The mountain centaur kicks! (2x) The mountain centaur hits! The mountain centaur kicks! (2x) You hit the mountain centaur! The mountain centaur hits! The mountain centaur kicks! (2x) You begin praying to Tyr. The mountain centaur hits! The mountain centaur kicks! (2x) You die... For some reason, you think that you can almost hear the Wizard laugh manically... Final status: Farvel Dins the Valkyrie, killed by a mountain centaur, while praying... You died in The Dungeons of Doom on dungeon level 12 with 51463 points, and 9649 pieces of gold, after 11386 moves. You were level 9 with a maximum of 77 hit points when you died.